 Dungeon Crawl Stone Soup version 0.30-b1-2-g02819fbbbe (webtiles) character file.

Game seed: 14079002798494405791

4071 loralnil the Martial Artist (level 10, -1/79 (96) HPs)
             Began as a Pale Draconian Transmuter on Nov 27, 2023.
             Was a Follower of Makhleb.
             Slain by a wight
             ... wielding a +3 scimitar of freezing
              (8 damage)
             ... on level 8 of the Dungeon.
             The game lasted 00:14:29 (6866 turns).

loralnil the Martial Artist (DrTm)                  Turns: 6866, Time: 00:14:29

HP:   -1/79 (96)    AC:  7    Str: 13    XL:     10   Next: 5%
MP:   11/14         EV: 12    Int: 20    God:    Makhleb [*.....]
Gold: 620           SH:  0    Dex: 15    Spells: 1/15 levels left

rFire   x .          .
                       - Unarmed
rCold   + + +        (shield currently unavailable)
rNeg    . . .        (body armour unavailable)
rPois   +            (helmet currently unavailable)
rElec   .            (cloak currently unavailable)
rCorr   .            l - melded +0 pair of gloves
SInv    +            (boots currently unavailable)
Will    .....        b - amulet of magic regeneration
Stlth   +            c - +6 ring of intelligence
HPRegen 0.33/turn    w - ring of see invisible
MPRegen 0.54/turn

%: no passive effects
@: ice-form, heavily drained
A: freezing attack, amphibious, boosted hp, (breathe steam), AC +7, large,
unfitting armour, (cold-blooded), (steam resistance), (stinger 1)
a: End Transformation, Renounce Religion


You were on level 8 of the Dungeon.
You worshipped Makhleb.
Makhleb was aware of your devotion.
You were a creature of crystalline ice.
You visited 2 branches of the dungeon, and saw 9 of its levels.

You collected 620 gold pieces.

Inventory:

Armour
 l - a +0 pair of gloves (melded)
Magical Staves
 d - a staff of cold
Jewellery
 b - an amulet of magic regeneration (around neck)
 c - a +6 ring of intelligence (left front paw)
 w - a ring of see invisible (right front paw)
 x - an amulet of regeneration
 B - a +6 ring of intelligence
Wands
 g - a wand of acid (8)
 p - a wand of flame (30)
Scrolls
 e - a scroll of brand weapon
 f - 2 scrolls of enchant armour {unknown}
 h - 4 scrolls of fog
 i - 5 scrolls of enchant weapon {unknown}
 k - 4 scrolls of noise {unknown}
 n - 2 scrolls of fear {unknown}
 s - 5 scrolls of teleportation
 u - a scroll of poison {unknown}
 y - 2 scrolls of magic mapping {unknown}
 A - a scroll of amnesia {unknown}
Potions
 a - 2 potions of lignification
 j - a potion of flight {unknown}
 m - 2 potions of mutation
 o - 3 potions of attraction
 q - a potion of cancellation {unknown}
 t - a potion of haste
 v - 2 potions of brilliance
 z - a potion of heal wounds {unknown}
 C - a potion of might {unknown}


   Skills:
 + Level 4.5 Fighting
 + Level 6.6 Dodging
 + Level 8.6 Unarmed Combat
 - Level 3.0 Spellcasting
 - Level 8.0 Transmutations
 - Level 2.0 Poison Magic
 + Level 3.3 Invocations


You had one spell level left.
You knew the following spells:

 Your Spells              Type           Power      Damage    Failure   Level
a - Beastly Appendage     Tmut           70%        N/A       1%          1
b - Wereblood             Tmut           35%        N/A       1%          2
c - Spider Form           Tmut/Pois      23%        N/A       5%          3
d - Ice Form              Ice/Tmut       19%        N/A       26%         4
e - Petrify               Tmut/Erth      19%        N/A       26%         4

Your spell library contained the following spells:

 Spells                   Type           Power      Damage    Failure   Level
 Sublimation of Blood     Necr           3%         N/A       22%         2
 Irradiate                Conj/Tmut      9%         3d14      58%         5
 Manifold Assault         Tloc           3%         N/A       80%         4
 Dispersal                Tloc           1%         N/A       100%        6
 Disjunction              Tloc           1%         N/A       100%        8


Dungeon Overview and Level Annotations

Branches:
Dungeon (8/15)             Temple (1/1) D:5
   Lair: D:8-11

Altars:
Ashenzari
Cheibriados
Dithmenos
Fedhas
Gozag
Hepliaklqana
Kikubaaqudgha
Makhleb
Nemelex Xobeh
Qazlal
Ru
Sif Muna
Trog
Uskayaw
Vehumet
Wu Jian
Xom
Yredelemnul
Zin
The Shining One

Shops:
D:1 *   D:8 [

Annotations:
D:7 1 runed translucent door, noone's ghost, novice GrEE


Innate Abilities, Weirdness & Mutations

You are a creature of crystalline ice.
You have a powerful freezing melee attack.
You are amphibious.
Your maximum health is increased.
Your armour is entirely melded.
You are incapable of wielding weapons or throwing items.
((You can breathe blasts of scalding, opaque steam.))
((Your pale cyan-grey scales are hard. (AC +7)))
You cannot fit into any form of body armour.
((You are cold-blooded and may be slowed by cold attacks.))
((You are immune to the effects of steam.))
((Your tail ends in a venomous barb.))


Message History

The wight is severely damaged.
The wight hits you with a +4 battleaxe!
* * * LOW HITPOINT WARNING * * *
You feel drained.
* * * LOW HITPOINT WARNING * * *
You punch the wight!
You destroy the wight!
Makhleb accepts your kill.
You feel better.
You closely miss the wight. You claw the wight.
You tail-slap the wight, but do no damage.
The wight is moderately damaged.
The wight hits you but does no damage.
You barely miss the wight. Your kick misses the wight.
You headbutt the wight, but do no damage.
The wight is moderately damaged.
The wight hits you with a +0 dagger.
* * * LOW HITPOINT WARNING * * *
You punch the wight! You tail-slap the wight. Your punch misses the wight.
The wight is almost destroyed.
The wight barely misses you.
You closely miss the wight. Your headbutt misses the wight.
The wight is almost destroyed.
The wight closely misses you.
You closely miss the wight. You claw the wight.
You destroy the wight!
Makhleb accepts your kill.
Casting: Beastly Appendage (safe; 1% risk of failure)
Confirm with . or Enter, or press ? or * to list all spells.
Your horns disappear.
Your talons disappear.
You turn into a creature of crystalline ice.
Your +0 pair of gloves melds into your body.
You barely miss the wight.
The wight hits you with a +3 scimitar of freezing!
* * * LOW HITPOINT WARNING * * *
You feel drained.
* * * LOW HITPOINT WARNING * * *
You feel better.
The wight hits you with a +3 scimitar of freezing!
You die...

#.. ∩. ##+##..#. ###.....#.
......... ###### .......z#
#....# .......z# #....####
........# #(......#
........##########.......##
.........zY......'.).......
###.....##########.........
####### ###)####.. #.##..._
#..#.... ##...... #).._..⌠
#.#..... #.#.....


You could see a wight.

Vanquished Creatures
  Pikel (D:6)
  A troll (D:5)
  Prince Ribbit (D:5)
  Sigmund (D:3)
  4 yaks (D:8)
  An acid dragon (D:4)
  2 water moccasins
  2 orc warriors
  3 ice beasts
  A sky beast (D:7)
  A lemure (D:6)
  Blork the orc (D:6)
  A kobold brigand (D:6)
  2 bullfrogs (D:7)
  2 scorpions
  13 wights
  A howler monkey (D:6)
  2 jellies
  2 orc priests
  4 hounds
  2 iguanas
  3 orc wizards
  6 adders
  A shadow imp (D:7)
  An ufetubus (D:4)
  11 orcs
  4 endoplasms
  4 giant cockroaches
  8 goblins
  2 hobgoblins
  3 jackals (D:3)
  4 quokkas
  8 ball pythons
  13 bats
  2 frilled lizards (D:3)
  11 kobolds
  A rat (D:2)
  2 butterflies (D:5)
132 creatures vanquished.

Notes
Turn   | Place    | Note
-------+----------+-------------------------------------------
     0 | D:1      | loralnil the Draconian Transmuter began the quest for the
                  | Orb.
     0 | D:1      | Reached XP level 1. HP: 16/16 MP: 3/3
   267 | D:1      | Reached XP level 2. HP: 18/23 MP: 5/5
   385 | D:1      | Found Utirucw's General Store.
   404 | D:1      | Found a faded altar of an unknown god.
   825 | D:2      | Reached XP level 3. HP: 20/29 MP: 6/6
   858 | D:2      | Learned a level 2 spell: Wereblood
   862 | D:2      | Learned a level 3 spell: Spider Form
  1804 | D:3      | Reached XP level 4. HP: 36/36 MP: 7/7
  1900 | D:3      | Noticed Sigmund
  1918 | D:3      | Killed Sigmund
  1919 | D:3      | Reached XP level 5. HP: 44/44 MP: 7/9
  2212 | D:4      | Reached XP level 6. HP: 46/51 MP: 10/10
  2302 | D:4      | Gained mutation: You have a pair of small horns on your
                  | head. [potion of mutation]
  2302 | D:4      | Lost mutation: You have a pair of small horns on your head.
                  | [potion of mutation]
  2302 | D:4      | Gained mutation: Your tail ends in a venomous barb. [potion
                  | of mutation]
  2421 | D:4      | Found an opulent altar of Gozag.
  2471 | D:4      | Found a bloodstained altar of Trog.
  2794 | D:4      | Found Yddugh's Magic Scroll Boutique.
  2829 | D:5      | Entered Level 5 of the Dungeon
  2913 | D:5      | Noticed an acid dragon
  3005 | D:4      | Killed an acid dragon
  3006 | D:4      | Reached skill level 1 in Poison Magic
  3312 | D:5      | Found a staircase to the Ecumenical Temple.
  3322 | Temple   | Entered the Ecumenical Temple
  3482 | Temple   | Became a worshipper of Makhleb the Destroyer
  3542 | D:5      | Found a shimmering altar of Xom.
  3604 | D:5      | Your scales start taking on a pale cyan-grey colour.
  3604 | D:5      | Reached XP level 7. HP: 49/57 MP: 11/11
  3604 | D:5      | Gained mutation: You are immune to the effects of steam.
                  | [Pale Draconian growth]
  3967 | D:6      | Reached skill level 5 in Unarmed Combat
  4132 | D:6      | Found a glowing silver altar of Zin.
  4210 | D:6      | Reached skill level 5 in Transmutations
  4213 | D:6      | Reached XP level 8. HP: 59/63 MP: 12/12
  4306 | D:6      | Noticed a troll
  4313 | D:6      | Noticed Prince Ribbit
  4352 | D:5      | Killed Prince Ribbit
  4526 | D:5      | Killed a troll
  4527 | D:5      | Reached skill level 5 in Dodging
  4612 | D:6      | Noticed Blork the orc
  4757 | D:6      | Noticed Pikel
  4822 | D:6      | Killed Pikel
  4942 | D:6      | Killed Blork the orc
  4943 | D:6      | Reached XP level 9. HP: 35/69 MP: 13/13
  5123 | D:6      | Learned a level 4 spell: Ice Form
  5493 | D:7      | Reached * piety under Makhleb
  5730 | D:7      | Found a runed translucent door.
  5731 | D:7      | Noticed noone's ghost (novice GrEE)
  6151 | D:7      | Learned a level 4 spell: Petrify
  6299 | D:8      | Reached skill level 1 in Invocations
  6470 | D:8      | Found a snail-covered altar of Cheibriados.
  6529 | D:8      | Found a broken altar of Ashenzari.
  6684 | D:8      | Found a radiant altar of Vehumet.
  6685 | D:8      | Found a hide-covered altar of Uskayaw.
  6687 | D:8      | Found a blossoming altar of Fedhas.
  6745 | D:8      | Reached XP level 10. HP: 72/80 MP: 14/14
  6845 | D:8      | Found Maqoheap's Armour Boutique.
  6865 | D:8      | HP: 4/82 [wight/+3 scimitar of freezing (15)]
  6865 | D:8      | HP: 1/79 [wight/+3 scimitar of freezing (3)]
  6866 | D:8      | Slain by a wight

Illustrated notes

Levels and vault maps discovered:
D:1:      mainiacjoe_arrival_reflecting_pool, layout_basic, serial_shops, shop,
          shapermc_ecumenical_altar_mp_ritualfount, minmay_fountain_box
D:2:      layout_basic
D:3:      layout_rooms, uniq_sigmund
D:4:      layout_rooms, mainiacjoe_overflow_catch_the_wave, serial_shops,
          nicolae_shop_peninsula, skrybe_limestone_x, grunt_ministairs_13
D:5:      layout_rooms, xom_butterflies, minmay_temple_entry_overgrown,
          reono_crystal_passage
D:6:      layout_gridville, mainiacjoe_overflow_small_starburst,
          uniq_blork_the_orc, uniq_prince_ribbit1, uniq_pikel
D:7:      layout_loops_cross, ebering_ghost_reflecting_pool
D:8:      layout_basic, grunt_temple_overflow_open, hellmonk_lair_entry_icy,
          serial_shops, nicolae_shop_advertising_works
          [nicolae_subvault_shop_adworks], minmay_misc_feat_five,
          kennysheep_diamond
Temple:   minmay_temple_curvy_loop

Skill      XL: |  1  2  3  4  5  6  7  8  9 |
---------------+----------------------------+-----
Dodging        | 2 3 4 5 6 |  6.6
Fighting       | 2 3 4 |  4.5
Spellcasting   | 3 |  3.0
Transmutations | 3 4 5 6 8 |  8.0
Unarmed Combat | 4 5 7 8 |  8.6
Poison Magic   | 1 2 |  2.0
Invocations    | 3 |  3.3

Action                     |  1- 3 |  4- 6 |  7- 9 | 10-12 || total
---------------------------+-------+-------+-------+-------++-------
  Melee: Unarmed           |   111 |    89 |   260 |    19 ||   479
         Headbutt          |    16 |    15 |    26 |     2 ||    59
         Kick              |    22 |    21 |    55 |    10 ||   108
         Tailslap          |     8 |     9 |    27 |     6 ||    50
         Punch             |     1 |       |     2 |     1 ||     4
   Cast: Beastly Appendage |    32 |    21 |    22 |     1 ||    76
         Spider Form       |       |     2 |    11 |       ||    13
         Ice Form          |       |       |       |     1 ||     1
    Use: Scroll            |     3 |     2 |     3 |       ||     8
         Potion            |       |     1 |     4 |     2 ||     7
   Stab: Sleeping          |     2 |     2 |       |       ||     4
         Invisible         |       |       |     1 |       ||     1
 Armour: Skin              |    49 |    31 |    22 |     1 ||   103
  Dodge: Dodged            |    72 |    69 |   205 |     7 ||   353
